[Event "ICC Open 2015"]
[Site "Internet Chess Club"]
[Date "2015.05.30"]
[Round "11"]
[White "LordProtector"]
[Black "PJJVenegas"]
[Result "1-0"]
[ICCResult "Black resigns"]
[WhiteElo "2960"]
[BlackElo "2287"]
[Opening "Sicilian: dragon, Yugoslav attack, 10.O-O-O"]
[ECO "B78"]
[NIC "SI.18"]
[Time "20:46:34"]
[TimeControl "180+0"]

1. e4 c5 2. Nf3 d6 3. d4 cxd4 4. Nxd4 Nf6 5. Nc3 g6 6. Be3 Bg7 7. f3 O-O 8.
Qd2 Nc6 9. Bc4 Bd7 10. O-O-O Rb8 11. Bb3 Nxd4 12. Bxd4 b5 13. Nd5 Nxd5 14.
Bxg7 Kxg7 15. exd5 a5 16. a3 a4 17. Ba2 b4 18. axb4 Qb6 19. c3 Rfc8 20. Qd4+
f6 21. Qxb6 Rxb6 22. Rd4 Kf7 23. Re1 Rc7 24. Bb1 a3 25. Re3 Ra7 26. Ba2 h5
27. b3 Rc7 28. Kd2 Bf5 29. g4 Bc8 30. gxh5 gxh5 31. Rc4 Rbb7 32. Rxc7 Rxc7
33. c4 h4 34. b5 h3 35. Kc3 Bd7 36. Kb4 Ra7 37. Re4 e5 38. dxe6+ Bxe6 39.
Rh4 Kg6 40. Rh8 Kf5 41. b6 Rg7 42. Kb5 Kf4 43. Ka6 d5 44. b7 dxc4 45. b8=Q+
Kxf3 46. bxc4 {Black resigns} 1-0

[Event "ICC Open 2015"]
[Site "Internet Chess Club"]
[Date "2015.05.30"]
[Round "11"]
[White "El-Flippo"]
[Black "jewels2"]
[Result "1-0"]
[ICCResult "Black checkmated"]
[WhiteElo "1450"]
[BlackElo "1340"]
[Opening "Ruy Lopez: closed, Flohr-Zaitsev system (Lenzerheide variation)"]
[ECO "C88"]
[NIC "RL.26"]
[Time "20:46:16"]
[TimeControl "180+0"]

1. e4 e5 2. Nf3 Nc6 3. Bb5 a6 4. Ba4 Nf6 5. O-O Be7 6. Re1 b5 7. Bb3 O-O 8.
h3 Bb7 9. c3 d6 10. Bc2 Re8 11. a3 Bf8 12. d3 d5 13. Nbd2 dxe4 14. Nxe4 Nxe4
15. dxe4 Qe7 16. Bg5 f6 17. Be3 Rad8 18. Qe2 Qf7 19. Rad1 Na5 20. Nh4 Nc4
21. Bc1 Rd7 22. Qg4 Red8 23. Nf5 Rxd1 24. Nh6+ Kh8 25. Nxf7+ Kg8 26. Rxd1
Rxd1+ 27. Qxd1 Kxf7 28. Qd7+ Be7 29. Qxc7 Nd6 30. Be3 Bc8 31. f3 Be6 32. Bc5
Ne8 33. Qxe7+ Kg6 34. Qxe6 Nc7 35. Qg4+ Kf7 36. h4 a5 37. Bb3+ Ke8 38. Qc8#
{Black checkmated}
1-0

[Event "ICC Open 2015"]
[Site "Internet Chess Club"]
[Date "2015.05.30"]
[Round "11"]
[White "franco"]
[Black "krankenstein"]
[Result "1-0"]
[ICCResult "Black checkmated"]
[WhiteElo "1268"]
[BlackElo "1121"]
[Opening "King's gambit"]
[ECO "C30"]
[NIC "KG.05"]
[Time "20:46:00"]
[TimeControl "180+0"]

1. e4 e5 2. f4 d6 3. Nf3 Qf6 4. fxe5 dxe5 5. Nc3 Ne7 6. d3 h6 7. Be2 Nbc6 8.
O-O Be6 9. Nd4 Qg6 10. Nxe6 Qxe6 11. Be3 O-O-O 12. a4 Nd4 13. Bxd4 exd4 14.
Nb5 Kb8 15. Qd2 c6 16. Na3 g5 17. Nc4 f5 18. Bf3 f4 19. a5 a6 20. Qb4 Nd5
21. Qb3 Ne3 22. Nxe3 fxe3 23. Rfe1 g4 24. Be2 Qg6 25. c3 c5 26. cxd4 Rxd4
27. Ra4 Rxa4 28. Qxa4 Bd6 29. Qd7 g3 30. hxg3 Bxg3 31. Bf3 Bxe1 32. e5 Bf2+
33. Kf1 Qg3 34. Qxb7# {Black checkmated} 1-0

[Event "ICC Open 2015"]
[Site "Internet Chess Club"]
[Date "2015.05.30"]
[Round "11"]
[White "bennywins"]
[Black "rookfish"]
[Result "1-0"]
[ICCResult "Black resigns"]
[WhiteElo "1208"]
[BlackElo "1153"]
[Opening "Giuoco Piano"]
[ECO "C54"]
[NIC "IG.02"]
[Time "20:45:53"]
[TimeControl "180+0"]

1. e4 e5 2. Nf3 Nc6 3. Bc4 Bc5 4. c3 Nf6 5. O-O O-O 6. Re1 d6 7. d4 exd4 8.
cxd4 Bb4 9. Bd2 Bxd2 10. Nbxd2 Re8 11. d5 Ne5 12. Nxe5 dxe5 13. Nb3 c6 14.
dxc6 bxc6 15. Qxd8 Rxd8 16. Rad1 Rxd1 17. Rxd1 Bg4 18. f3 Bh5 19. Ba6 Nxe4
20. Bb7 Rf8 21. Bxc6 Nf6 22. g4 Bg6 23. Nc5 e4 24. Nxe4 Nxe4 25. Bxe4 Bxe4
26. fxe4 f5 27. exf5 g6 28. fxg6 hxg6 29. Rd7 Rf4 30. h3 Rd4 31. Rxd4 Kf7
32. Rd7+ Kf6 33. Rxa7 Kg5 34. b4 Kh4 35. b5 Kxh3 36. b6 Kxg4 37. b7 g5 38.
b8=Q Kf3 39. Qb3+ Kf4 40. Ra4+ Kf5 41. Qb5+ Kg6 42. Ra6+ Kh5 43. Ra7 Kg4 44.
Qd5 Kh5 45. Qh1+ Kg4 46. Ra4+ Kf5 47. Qh3+ Kg6 48. Re4 Kg7 49. Re6 Kf7 50.
Qh6 Kg8 51. Qg6+ {Black resigns} 1-0

[Event "ICC Open 2015"]
[Site "Internet Chess Club"]
[Date "2015.05.30"]
[Round "11"]
[White "manitodeplomo"]
[Black "kurumania"]
[Result "0-1"]
[ICCResult "White resigns"]
[WhiteElo "2651"]
[BlackElo "2890"]
[Opening "Bogo-Indian defense, Grünfeld variation"]
[ECO "E11"]
[NIC "QI.01"]
[Time "20:46:08"]
[TimeControl "180+0"]

1. d4 Nf6 2. c4 e6 3. Nf3 Bb4+ 4. Nbd2 O-O 5. g3 d5 6. Qc2 b6 7. Bg2 Bb7 8.
O-O Be7 9. Rd1 Nbd7 10. cxd5 exd5 11. Nb1 Ne4 12. Nc3 Ndf6 13. Ne5 Rc8 14.
Bh3 Rb8 15. Nxe4 Nxe4 16. Nc6 Bxc6 17. Qxc6 Bd6 18. Qxd5 Nxf2 19. Rf1 Nxh3+
20. Kg2 Qe7 21. Kxh3 Qxe2 22. Qf3 Rbe8 23. Bf4 Qxb2 24. Bxd6 cxd6 25. Rae1
Rxe1 26. Rxe1 Qxd4 27. Re7 Qa4 28. Qd5 g6 29. g4 a5 30. Kh4 Qf4 31. h3 h6
{White resigns}
0-1

[Event "ICC Open 2015"]
[Site "Internet Chess Club"]
[Date "2015.05.30"]
[Round "11"]
[White "winginawolf"]
[Black "fallingstar100"]
[Result "1/2-1/2"]
[ICCResult "Game drawn by repetition"]
[WhiteElo "1755"]
[BlackElo "1513"]
[Opening "KGA: Abbazia defense (classical defense, modern defense[!])"]
[ECO "C36"]
[NIC "KG.04"]
[Time "20:45:51"]
[TimeControl "180+0"]

1. e4 e5 2. f4 d5 3. Nf3 exf4 4. e5 Bg4 5. d4 Nh6 6. Bxf4 Be7 7. c3 c5 8. h3
Bf5 9. Nbd2 Nc6 10. Bb5 O-O 11. O-O cxd4 12. Nxd4 Nxd4 13. cxd4 Qb6 14. Qb3
Qxd4+ 15. Kh1 Rac8 16. Bxh6 gxh6 17. Rxf5 Qxd2 18. Qg3+ Kh8 19. Raf1 Rg8 20.
Qf3 Rc2 21. Rxf7 Rxg2 22. Rf8+ Bxf8 23. Qxf8+ Rg8 24. Qf6+ Rg7 25. Qf8+ Rg8
26. Qf6+ Rg7 27. Qf8+ Rg8 28. Qf6+ Rg7 {Game drawn by repetition} 1/2-1/2

[Event "ICC Open 2015"]
[Site "Internet Chess Club"]
[Date "2015.05.30"]
[Round "11"]
[White "skibum1313"]
[Black "holderlin"]
[Result "1-0"]
[ICCResult "Black forfeits on time"]
[WhiteElo "1531"]
[BlackElo "1707"]
[Opening "Queen's Pawn"]
[ECO "A41"]
[NIC "QO.17"]
[Time "20:45:44"]
[TimeControl "180+0"]

1. d4 d6 2. Bg5 Kd7 3. Nf3 Qe8 4. e3 Kd8 5. Be2 f6 6. Bh4 g5 7. Bg3 h5 8. h3
Nh6 9. O-O Nf5 10. Bh2 Nd7 11. Bd3 Nb6 12. c3 Rg8 13. e4 Nh6 14. Nbd2 g4 15.
hxg4 Nxg4 16. Bg3 e5 17. d5 Bh6 18. Nh4 Bg5 19. Be2 Qe7 20. a3 f5 21. Nxf5
Bxf5 22. exf5 h4 23. Bh2 Nxh2 24. Kxh2 Bf4+ 25. Kg1 h3 26. g3 Qh4 27. Nf3
Rxg3+ 28. Kh1 Rxf3 29. Bxf3 Ke7 30. Rg1 Rh8 31. Qf1 Nc4 32. Rg4 Qh6 33. Rd1
Nd2 34. Rxd2 Bxd2 35. Qg1 Bf4 36. Rg7+ Kd8 37. Rg8+ Rxg8 38. Qxg8+ Kd7 39.
Qe6+ Kd8 40. Qxh6 {Black forfeits on time} 1-0

[Event "ICC Open 2015"]
[Site "Internet Chess Club"]
[Date "2015.05.30"]
[Round "11"]
[White "Schack"]
[Black "blackmiura"]
[Result "0-1"]
[ICCResult "White resigns"]
[WhiteElo "1692"]
[BlackElo "1949"]
[Opening "Trompowsky attack (Ruth, Opocenský opening)"]
[ECO "A45"]
[NIC "QP.07"]
[Time "20:46:47"]
[TimeControl "180+0"]

1. d4 Nf6 2. Bg5 Ne4 3. Bf4 g5 4. f3 gxf4 5. fxe4 e6 6. Nf3 d5 7. exd5 exd5
8. Qd2 Bd6 9. Nc3 c6 10. O-O-O Be6 11. e4 dxe4 12. Nxe4 Bd5 13. Nxd6+ Qxd6
14. Ne5 Nd7 15. Qxf4 O-O-O 16. Kb1 Nxe5 17. Qxe5 Qxe5 18. dxe5 Bxa2+ 19. Kc1
Rxd1+ 20. Kxd1 Rd8+ 21. Bd3 Bc4 22. Kd2 Bxd3 23. cxd3 Rg8 24. g3 c5 25. Rf1
Rg5 26. Rxf7 Rxe5 27. Rxh7 a6 28. Rh8+ Kc7 29. Rh6 Rf5 30. Ke3 Rf1 31. h4
Rb1 32. h5 Rxb2 33. g4 Rg2 34. Rg6 a5 35. g5 a4 36. h6 a3 37. Rg7+ Kc6 38.
h7 Rh2 39. g6 a2 40. Rg8 a1=Q 41. Rc8+ Kd7 {White resigns} 0-1

[Event "ICC Open 2015"]
[Site "Internet Chess Club"]
[Date "2015.05.30"]
[Round "11"]
[White "graccus"]
[Black "QuieroAprender"]
[Result "0-1"]
[ICCResult "White resigns"]
[WhiteElo "1341"]
[BlackElo "1491"]
[Opening "Queen's pawn: Charlick (Englund) gambit"]
[ECO "A40"]
[NIC "QO.17"]
[Time "20:46:10"]
[TimeControl "180+0"]

1. d4 e5 2. d5 d6 3. c3 c5 4. c4 Bd7 5. e4 a6 6. f4 b5 7. Nf3 exf4 8. Bxf4
Bg4 9. Be2 Bxf3 10. Bxf3 bxc4 11. O-O Nf6 12. e5 dxe5 13. Bxe5 Bd6 14. Re1
O-O 15. Nc3 Bxe5 16. Rxe5 Qd6 17. Qe2 Nbd7 18. Re7 Rfe8 19. Re1 Rxe7 20.
Qxe7 Qxe7 21. Rxe7 Re8 22. d6 Kf8 23. Nd5 Nxd5 24. Bxd5 Rxe7 25. dxe7+ Kxe7
26. Bxc4 a5 27. b3 Ne5 {White resigns} 0-1

[Event "ICC Open 2015"]
[Site "Internet Chess Club"]
[Date "2015.05.30"]
[Round "11"]
[White "Dictator"]
[Black "Dark-Magician"]
[Result "1-0"]
[ICCResult "Black checkmated"]
[WhiteElo "2599"]
[BlackElo "2402"]
[Opening "King's Indian: Averbakh, 6...c5"]
[ECO "E74"]
[NIC "KI.25"]
[Time "20:46:48"]
[TimeControl "180+0"]

1. d4 Nf6 2. c4 g6 3. Nc3 Bg7 4. e4 d6 5. Be2 O-O 6. Bg5 c5 7. d5 Nbd7 8.
Qd2 Re8 9. Nf3 a6 10. a4 Ng4 11. h3 Nge5 12. O-O Nxf3+ 13. Bxf3 Ne5 14. Be2
Qc7 15. f4 Nd7 16. e5 dxe5 17. Bxe7 exf4 18. d6 Bd4+ 19. Kh1 Be3 20. Qc2 Qa5
21. Nd5 Qd2 22. Qxd2 Bxd2 23. a5 Ne5 24. Nf6+ Kg7 25. Nxe8+ Kh6 26. Nc7 Rb8
27. Nd5 g5 28. Rad1 Bxa5 29. h4 Bg4 30. Bxg4 Nxg4 31. Bxg5+ Kg7 32. Rxf4 h5
33. Nf6 Ne3 34. Nxh5+ Kg8 35. Rd3 Nc2 36. Rg3 Kf8 37. Be7+ Ke8 38. Nf6#
{Black checkmated}
1-0

[Event "ICC Open 2015"]
[Site "Internet Chess Club"]
[Date "2015.05.30"]
[Round "11"]
[White "ayyadov"]
[Black "ChillingGuy"]
[Result "1-0"]
[ICCResult "Black resigns"]
[WhiteElo "2149"]
[BlackElo "2311"]
[Opening "Modern defense"]
[ECO "A40"]
[NIC "QO.17"]
[Time "20:45:54"]
[TimeControl "180+0"]

1. d4 g6 2. Nf3 Bg7 3. c3 d6 4. g3 Nd7 5. Bg2 e5 6. O-O f5 7. dxe5 dxe5 8.
Qb3 Qe7 9. Be3 Ngf6 10. h3 e4 11. Ng5 Ne5 12. Bf4 Nc6 13. h4 h6 14. Nh3 a5
15. a4 Ra6 16. Na3 Rb6 17. Nb5 Ne5 18. Bxe5 Qxe5 19. Nf4 c6 20. Nxg6 Qb8 21.
Nxh8 Bxh8 22. Nd6+ Qxd6 23. Qxb6 f4 24. Rad1 Qe7 25. gxf4 Ng4 26. f3 exf3
27. exf3 Ne3 28. Rde1 {Black resigns} 1-0

[Event "ICC Open 2015"]
[Site "Internet Chess Club"]
[Date "2015.05.30"]
[Round "11"]
[White "ibarra"]
[Black "chessrex"]
[Result "1-0"]
[ICCResult "Black checkmated"]
[WhiteElo "2724"]
[BlackElo "2123"]
[Opening "Anderssen's opening"]
[ECO "A00"]
[NIC "VO.14"]
[Time "20:46:02"]
[TimeControl "180+0"]

1. a3 g6 2. h4 h5 3. Nh3 Bg7 4. Nf4 b6 5. g3 Bb7 6. Rg1 e5 7. Ng2 d5 8. d3
Nd7 9. b3 e4 10. d4 c5 11. Bb2 Ne7 12. e3 Nf5 13. Nf4 Nf8 14. Bh3 Bc8 15.
Ra2 cxd4 16. Bxf5 Bxf5 17. Bxd4 Rh7 18. Bxg7 Rxg7 19. Qxd5 Qxd5 20. Nxd5
O-O-O 21. c4 Be6 22. Nbc3 Nd7 23. Rd2 Nc5 24. b4 Nd3+ 25. Ke2 f5 26. Rxd3
exd3+ 27. Kxd3 Bxd5 28. Nxd5 Kb7 29. b5 Rgd7 30. Kd4 Re8 31. f3 Rd6 32. a4
Rde6 33. a5 bxa5 34. c5 Rd8 35. c6+ Kc8 36. Ra1 Red6 37. e4 fxe4 38. fxe4
Rf6 39. Rxa5 Rf1 40. Rxa7 Rd1+ 41. Kc5 Rc1+ 42. Kb6 Kb8 43. Nc7 Ra1 44. Rxa1
Kc8 45. e5 Rd5 46. Rd1 Rxd1 47. e6 Kd8 48. Kb7 Rb1 49. b6 Rb3 50. Nd5 Rxg3
51. c7+ Ke8 52. Kc6 Rc3+ 53. Kd6 Rc1 54. b7 Kf8 55. e7+ Kf7 56. Kd7 Rd1 57.
e8=Q+ Kg7 58. Qe5+ Kh7 59. c8=Q g5 60. b8=Q Rxd5+ 61. Qxd5 Kg6 62. Qb1+ Kf6
63. Qd4+ Kf7 64. Qcc4+ Kf8 65. Qbb4# {Black checkmated} 1-0

[Event "ICC Open 2015"]
[Site "Internet Chess Club"]
[Date "2015.05.30"]
[Round "11"]
[White "Willy809"]
[Black "Chaos23"]
[Result "0-1"]
[ICCResult "White resigns"]
[WhiteElo "1725"]
[BlackElo "2011"]
[Opening "Benoni defense"]
[ECO "A56"]
[NIC "KI.77"]
[Time "20:46:20"]
[TimeControl "180+0"]

1. d4 Nf6 2. c4 c5 3. e3 g6 4. Nf3 Bg7 5. Nc3 O-O 6. g3 cxd4 7. exd4 d5 8.
c5 b6 9. b4 a5 10. Ba3 axb4 11. Bxb4 Nc6 12. Qb3 Bg4 13. Bg2 Bxf3 14. Bxf3
Nxd4 15. Qd1 Nc6 16. a3 bxc5 17. Bxc5 Nd7 18. O-O Bxc3 19. Rc1 Bb2 20. Rc2
Bf6 21. Bxd5 Rc8 22. Be3 Nce5 23. f4 Rxc2 24. Qxc2 Ng4 25. Ba7 Qa5 26. Bf2
Qxd5 27. h3 Nxf2 28. Rxf2 Bd4 29. Kf1 Bxf2 30. Kxf2 Qc5+ 31. Kf3 Qxc2 32.
Kg4 Qe2+ {White resigns} 0-1

[Event "ICC Open 2015"]
[Site "Internet Chess Club"]
[Date "2015.05.30"]
[Round "11"]
[White "MoonlightWizard"]
[Black "BlackHorse96"]
[Result "0-1"]
[ICCResult "White resigns"]
[WhiteElo "2936"]
[BlackElo "3213"]
[Opening "Grünfeld: 5.Bg5"]
[ECO "D91"]
[NIC "GI.08"]
[Time "20:46:25"]
[TimeControl "180+0"]

1. d4 Nf6 2. c4 g6 3. Nc3 d5 4. Nf3 Bg7 5. Bg5 Ne4 6. Bh4 Nxc3 7. bxc3 dxc4
8. Qa4+ c6 9. Qxc4 O-O 10. e3 Nd7 11. Be2 Nb6 12. Qd3 Be6 13. O-O Bc4 14.
Qd2 Bxe2 15. Qxe2 Re8 16. c4 c5 17. Rfd1 cxd4 18. exd4 Rc8 19. Rac1 Qd7 20.
Bg3 Qa4 21. c5 Nd5 22. Be5 Bh6 23. Rc4 Qa6 24. Qf1 b6 25. Rc2 Qxf1+ 26. Kxf1
bxc5 27. dxc5 Nb4 28. Rc4 Nc6 29. Bc3 e5 30. Ke2 Bf8 31. Rd7 f6 32. Kd3 Red8
33. Rxd8 Rxd8+ 34. Kc2 Kf7 35. Nd2 Ke6 36. Nb3 Rd7 37. f3 Kd5 38. Kd3 f5 39.
Bb2 Bg7 40. Rc2 Nb4+ {White resigns} 0-1

[Event "ICC Open 2015"]
[Site "Internet Chess Club"]
[Date "2015.05.30"]
[Round "11"]
[White "ErnestoRondon"]
[Black "chessdjw"]
[Result "0-1"]
[ICCResult "White checkmated"]
[WhiteElo "1904"]
[BlackElo "2323"]
[Opening "English: Caro-Kann defensive system"]
[ECO "A11"]
[NIC "EO.64"]
[Time "20:46:20"]
[TimeControl "180+0"]

1. c4 c6 2. Nc3 d5 3. cxd5 cxd5 4. d4 Nc6 5. Nf3 Bf5 6. a3 e6 7. h3 h6 8.
Bf4 Bd6 9. Bxd6 Qxd6 10. e3 Nf6 11. Bd3 Bxd3 12. Qxd3 O-O-O 13. O-O Kb8 14.
b4 g5 15. b5 Na5 16. Ne5 Qe7 17. f4 Nd7 18. a4 f5 19. Rab1 Nxe5 20. fxe5
Rhg8 21. Na2 g4 22. hxg4 Rxg4 23. Rf2 Qh4 24. Nb4 Ka8 25. Nc6 bxc6 26. bxc6
Qe7 27. Qa6 Qc7 28. Rc2 Rgg8 29. Rb5 Rb8 30. Rxa5 Rb1+ 31. Kf2 Qe7 32. Rb5
Qh4+ 33. Ke2 Rxg2+ 34. Kd3 Qe4+ 35. Kc3 Rxc2# {White checkmated} 0-1

[Event "ICC Open 2015"]
[Site "Internet Chess Club"]
[Date "2015.05.30"]
[Round "11"]
[White "Yummyhat"]
[Black "jps7"]
[Result "1-0"]
[ICCResult "Black forfeits on time"]
[WhiteElo "1769"]
[BlackElo "1627"]
[Opening "QGD: 4.Nf3"]
[ECO "D37"]
[NIC "QO.16"]
[Time "20:45:47"]
[TimeControl "180+0"]

1. d4 d5 2. c4 e6 3. Nc3 Nf6 4. Nf3 b6 5. cxd5 exd5 6. Bf4 a6 7. e3 Bb7 8.
Qb3 Bd6 9. Bxd6 Qxd6 10. Be2 O-O 11. O-O Nbd7 12. a4 Rab8 13. a5 b5 14. Nd2
c5 15. Bf3 c4 16. Qc2 b4 17. Ne2 Rfc8 18. Rfc1 b3 19. Qd1 Ne4 20. Ng3 Ndf6
21. Ndxe4 dxe4 22. Be2 Bd5 23. Nf5 Qe6 24. Ng3 h6 25. Rc3 Rb5 26. Qb1 Qd6
27. Bf1 Qb4 28. Ne2 Rxa5 29. Rxa5 Qxa5 30. Nf4 Qb4 31. g3 a5 32. Bg2 a4 33.
Rc1 c3 34. Nxd5 Nxd5 35. Bxe4 c2 36. Qa1 Nf6 37. Bf3 Qd2 38. Kg2 g5 39. Bb7
Rc7 40. Ba6 Ne4 41. Qxa4 Qxc1 42. Qe8+ Kg7 43. Qe5+ Nf6 44. Qxc7 Qxb2 45.
Bc4 c1=Q 46. Qxf7+ Kh8 47. Qxf6+ Kh7 48. Bd3+ Kg8 49. Qg6+ Kf8 50. Qxh6+ Ke7
51. Qxg5+ Kd6 52. Qc5+ Qxc5 53. dxc5+ Kxc5 54. Be4 Kb4 55. Bf3 Qc3 56. Bd1
b2 57. Bb3 Kxb3 58. h4 b1=Q 59. h5 Qe4+ 60. Kh3 Qce5 61. h6 Q5f5+ 62. Kh2
{Black forfeits on time}
1-0

[Event "ICC Open 2015"]
[Site "Internet Chess Club"]
[Date "2015.05.30"]
[Round "11"]
[White "nikenwidiartto"]
[Black "jjosu"]
[Result "0-1"]
[ICCResult "White resigns"]
[WhiteElo "1850"]
[BlackElo "2184"]
[Opening "Sicilian: closed"]
[ECO "B23"]
[NIC "SI.44"]
[Time "20:45:48"]
[TimeControl "180+0"]

1. e4 c5 2. Nc3 e6 3. f4 d5 4. Nf3 dxe4 5. Bb5+ Bd7 6. Bxd7+ Nxd7 7. Nxe4
Ngf6 8. d3 Be7 9. O-O O-O 10. Qe2 Qc7 11. Ng3 Rfe8 12. f5 Bd6 13. fxe6 Rxe6
14. Ne4 Nxe4 15. dxe4 Rae8 16. Ng5 R6e7 17. Qh5 h6 18. Nxf7 Bxh2+ 19. Kh1
Rf8 20. Nxh6+ gxh6 21. Rxf8+ Kxf8 22. Bxh6+ Kg8 23. Rf1 Qd6 24. g4 Be5 25.
g5 Bxb2 26. g6 Qe6 27. Rf4 Bc1 28. Rh4 Bxh6 29. Qxh6 Qf6 30. Rf4 Qg7 31. Qg5
Ne5 32. Rf5 Nxg6 33. Rf6 Nf8 34. Qd5+ Kh8 35. Qh5+ Nh7 36. Rh6 Rxe4 37.
Rxh7+ Qxh7 {White resigns} 0-1

[Event "ICC Open 2015"]
[Site "Internet Chess Club"]
[Date "2015.05.30"]
[Round "11"]
[White "alico"]
[Black "cristoforo"]
[Result "0-1"]
[ICCResult "White forfeits on time"]
[WhiteElo "1353"]
[BlackElo "1465"]
[Opening "Sicilian: dragon variation"]
[ECO "B70"]
[NIC "SI.15"]
[Time "20:45:40"]
[TimeControl "180+0"]

1. e4 c5 2. Nf3 d6 3. d4 cxd4 4. Nxd4 Nf6 5. Nc3 g6 6. Bc4 Bg7 7. O-O O-O 8.
Bg5 Nc6 9. Nxc6 bxc6 10. Re1 e6 11. e5 dxe5 12. Rxe5 h6 13. Bh4 g5 14. Bg3
Nd5 15. Qh5 Nxc3 16. bxc3 Qf6 17. Re3 Qg6 18. Qd1 Kh8 19. Be5 Bxe5 20. Rxe5
Bb7 21. Bd3 Qg7 22. Qh5 Rae8 23. Rae1 Bc8 24. Qf3 f6 25. Ra5 a6 26. Qxc6 f5
27. Rae5 a5 28. Bc4 Bd7 29. Qc7 a4 30. Bxe6 Bxe6 31. Qd6 Bf7 32. Re7 Rxe7
33. Rxe7 Kh7 34. Qd7 Kg6 35. Qxa4 Qf6 36. Ra7 Qe6 37. h3 Qe1+ 38. Kh2 Qe5+
39. g3 Qe2 40. Qc6+ Kg7 41. Rd7 Qxf2+ {White forfeits on time} 0-1

[Event "ICC Open 2015"]
[Site "Internet Chess Club"]
[Date "2015.05.30"]
[Round "11"]
[White "fito"]
[Black "smoothg"]
[Result "1-0"]
[ICCResult "Black resigns"]
[WhiteElo "2360"]
[BlackElo "1932"]
[Opening "Robatsch defense"]
[ECO "B06"]
[NIC "KF.05"]
[Time "20:46:18"]
[TimeControl "180+0"]

1. e4 g6 2. d4 Bg7 3. Nc3 c5 4. Be3 cxd4 5. Bxd4 Nf6 6. e5 Nh5 7. e6 dxe6 8.
Bxg7 Qxd1+ 9. Rxd1 Nxg7 10. Nb5 Na6 11. Nf3 Bd7 12. Ne5 Bc6 13. Nxc6 bxc6
14. Nd4 Nb8 15. Be2 a5 16. Bf3 Ra6 17. Nb3 O-O 18. Nc5 Rb6 19. b3 Nf5 20.
O-O Nd6 21. c4 Rc8 22. Nxe6 fxe6 23. c5 Rb4 24. cxd6 exd6 25. Rxd6 Kf7 26.
Re1 Re8 27. Bxc6 Re7 28. Bf3 a4 29. Bd1 Nd7 30. bxa4 Nc5 31. h3 Rxa4 32.
Bxa4 Nxa4 33. Ra6 Nc5 34. Ra8 Nd3 35. Re3 Nc5 36. a4 Rb7 37. a5 Rb1+ 38. Kh2
Kf6 39. a6 Ra1 40. a7 Kg7 41. Rc3 Ne4 42. Rc7+ Kh6 43. Rh8 Nf6 44. a8=Q
{Black resigns}
1-0

[Event "ICC Open 2015"]
[Site "Internet Chess Club"]
[Date "2015.05.30"]
[Round "11"]
[White "nihil95"]
[Black "truufseir"]
[Result "0-1"]
[ICCResult "White checkmated"]
[WhiteElo "1778"]
[BlackElo "1691"]
[Opening "Scotch gambit"]
[ECO "C44"]
[NIC "SO.06"]
[Time "20:46:06"]
[TimeControl "180+0"]

1. e4 e5 2. Nf3 Nc6 3. d4 exd4 4. Bc4 Bc5 5. O-O Nf6 6. Bg5 d6 7. c3 d3 8.
Bxd3 Bg4 9. h3 Bh5 10. g4 Bg6 11. Qc2 Ne5 12. Nxe5 dxe5 13. Bh4 Qd7 14. Bxf6
gxf6 15. b4 Bb6 16. Na3 h5 17. Qe2 hxg4 18. hxg4 O-O-O 19. Kg2 Rh4 20. f3
Rdh8 21. Rh1 Rxh1 22. Rxh1 Rd8 23. Rd1 Rh8 24. Bb5 Qe7 25. Qd3 Qf8 26. Qd7+
Kb8 27. Nc4 c6 28. Nxb6 axb6 29. Be2 Qh6 30. Kf2 Qh4+ 31. Ke3 Qg3 32. Qd6+
Ka7 33. Qxf6 Rh2 34. Rf1 Qg2 35. Bd1 Qd2# {White checkmated} 0-1

[Event "ICC Open 2015"]
[Site "Internet Chess Club"]
[Date "2015.05.30"]
[Round "11"]
[White "MARXVONAZULAY"]
[Black "JRussell2"]
[Result "1-0"]
[ICCResult "Black forfeits on time"]
[WhiteElo "1486"]
[BlackElo "1210"]
[Opening "Sicilian: dragon, Yugoslav attack, Rauser variation"]
[ECO "B76"]
[NIC "SI.17"]
[Time "20:45:55"]
[TimeControl "180+0"]

1. e4 c5 2. Nf3 d6 3. d4 cxd4 4. Nxd4 Nf6 5. Nc3 g6 6. Be3 Bg7 7. f3 Nc6 8.
Qd2 O-O 9. O-O-O a6 10. Kb1 Re8 11. g4 Qa5 12. Nb3 Qc7 13. h4 Be6 14. h5
Bxb3 15. axb3 Rac8 16. hxg6 fxg6 17. Bc4+ e6 18. Qxd6 Qf7 19. Bh6 Rcd8 20.
Qh2 Rxd1+ 21. Rxd1 Bxh6 22. Qxh6 Qg7 23. Qg5 h6 24. Qc5 Qe7 25. Qxe7 Rxe7
26. Rd6 Kf7 27. Na4 b5 28. Rxc6 bxc4 29. bxc4 Ra7 30. Nc5 a5 31. Nxe6 a4 32.
Rc7+ Rxc7 33. Nxc7 Ke7 34. Nb5 Ke6 35. Kc1 Ke5 36. Kd2 Kf4 37. Ke2 h5 38.
Nd4 h4 39. Ne6+ Kg3 40. Ng5 h3 41. Nxh3 Kxh3 42. e5 Kg3 43. exf6
{Black forfeits on time}
1-0

[Event "ICC Open 2015"]
[Site "Internet Chess Club"]
[Date "2015.05.30"]
[Round "11"]
[White "daddyo"]
[Black "anan"]
[Result "1-0"]
[ICCResult "Black forfeits on time"]
[WhiteElo "1496"]
[BlackElo "1547"]
[Opening "English opening"]
[ECO "A22"]
[NIC "EO.10"]
[Time "20:46:25"]
[TimeControl "180+0"]

1. c4 Nf6 2. Nc3 e5 3. d3 Bb4 4. Qb3 Bxc3+ 5. bxc3 O-O 6. Bg5 h6 7. Bh4 Re8
8. e3 e4 9. d4 d6 10. Ne2 Nc6 11. d5 Ne5 12. Bg3 Nd3+ 13. Kd2 a5 14. Nf4 Nc5
15. Qc2 Bf5 16. Be2 a4 17. Rab1 g5 18. Nh5 Nxh5 19. Bxh5 b6 20. Qd1 Qf6 21.
Bg4 Bh7 22. Rb2 Nd3 23. Rc2 a3 24. f3 exf3 25. gxf3 Qe7 26. e4 Ra4 27. Qe2
Nc5 28. Bf2 Qf6 29. Bxc5 bxc5 30. Rf1 Qf4+ 31. Qe3 Qxh2+ 32. Rf2 Qf4 33.
Qxf4 gxf4 34. Rg2 Kh8 35. Bh5 Rg8 36. Kd3 {Black forfeits on time} 1-0

[Event "ICC Open 2015"]
[Site "Internet Chess Club"]
[Date "2015.05.30"]
[Round "11"]
[White "EddieBarber"]
[Black "nurmi"]
[Result "0-1"]
[ICCResult "White forfeits on time"]
[WhiteElo "1861"]
[BlackElo "2198"]
[Opening "Philidor: Improved Hanham variation"]
[ECO "B07"]
[NIC "PU.08"]
[Time "20:45:49"]
[TimeControl "180+0"]

1. e4 d6 2. d4 Nf6 3. Nc3 e5 4. Nf3 Nbd7 5. Bc4 Be7 6. O-O O-O 7. Re1 c6 8.
h3 Re8 9. Ng5 Rf8 10. a4 h6 11. Nf3 a5 12. Nh4 Nxe4 13. Ng6 Nxc3 14. bxc3
Re8 15. Nxe7+ Qxe7 16. dxe5 dxe5 17. Ba3 Qf6 18. Re3 Nb6 19. Rf3 Nxc4 20.
Rxf6 gxf6 21. Bc1 Bf5 22. Qf3 Bg6 23. Bxh6 Re6 24. h4 e4 25. Qg3 Re5 26. Bf4
Rd5 27. Rb1 b5 28. axb5 cxb5 29. Re1 Kh7 30. Qh3 a4 31. g4 Kg8 32. h5 Bh7
33. h6 a3 34. Qh4 Ra6 35. g5 fxg5 36. Bxg5 Rg6 {White forfeits on time} 0-1

[Event "ICC Open 2015"]
[Site "Internet Chess Club"]
[Date "2015.05.30"]
[Round "11"]
[White "xyro"]
[Black "Piranha"]
[Result "0-1"]
[ICCResult "White resigns"]
[WhiteElo "1777"]
[BlackElo "1706"]
[Opening "Dutch: Leningrad, main variation"]
[ECO "A87"]
[NIC "HD.06"]
[Time "20:45:51"]
[TimeControl "180+0"]

1. d4 f5 2. c4 Nf6 3. g3 g6 4. Bg2 Bg7 5. Nf3 d6 6. O-O O-O 7. Nc3 Qe8 8. d5
a5 9. Rb1 Na6 10. a3 Nc5 11. b4 axb4 12. axb4 Nce4 13. Bb2 Bd7 14. Nxe4 Nxe4
15. Bxg7 Kxg7 16. Nd4 e5 17. dxe6 Bxe6 18. Nxe6+ Qxe6 19. Qd4+ Qe5 20. Qxe5+
dxe5 21. Bxe4 fxe4 22. Rfd1 Rfd8 23. Kf1 Kf6 24. Ke1 Rd4 25. e3 Rxc4 26. Rd7
h5 27. b5 Ra2 28. Rd2 Rcc2 29. Rxc2 Rxc2 30. Rd1 Rb2 31. Rd7 Rxb5 32. Rxc7
Kf5 33. h3 Rb2 34. Rf7+ Ke6 35. Rg7 Kf6 36. Rc7 b5 37. Kf1 b4 38. Kg2 b3 39.
Rc6+ Kf5 40. Rb6 g5 41. Rb5 Rb1 42. Rb8 Rb2 43. Rf8+ Kg6 44. Rg8+ Kf5 45.
Rh8 Kg6 46. Rg8+ Kf5 47. h4 gxh4 48. gxh4 Rd2 49. Rg5+ Kf6 50. Rxh5 b2 51.
Rh6+ Kf5 52. Rb6 Kg4 53. h5 Kxh5 54. Rb5 Kg4 55. Rb8 Kf5 56. Kf1 Ke6 57. Ke1
Rc2 58. Kf1 Rc1+ {White resigns} 0-1